 Dungeon Crawl Stone Soup version 0.31.0-9-g3a7656b989 (webtiles) character file.

Game seed: 1619199077472442187

56 qw the Shooter (level 3, -2/20 HPs)
             Began as a Deep Elf Hunter on Feb 2, 2024.
             Slain by a gnoll
             ... wielding a +0 flail
              (7 damage)
             ... on level 2 of the Dungeon.
             The game lasted 00:00:13 (1092 turns).

qw the Shooter (Deep Elf Hunter)                    Turns: 1092, Time: 00:00:13

Health: -2/20      AC:  4    Str: 10    XL:     3   Next: 69%
Magic:  5/5        EV: 12    Int: 13    God:
Gold:   25         SH:  0    Dex: 18    Spells: 2/2 levels left

rFire   . . .        a - +0 shortbow
rCold   . . .        (shield currently unavailable)
rNeg    . . .        c - +0 leather armour
rPois   .            (no helmet)
rElec   .            f - +0 cloak
rCorr   .            (no gloves)
SInv    .            (no boots)
Will    .....        (no amulet)
Stlth   ++           (no ring)
HPRegen 0.23/turn    (no ring)
MPRegen 0.09/turn

%: no passive effects
@: no status effects
A: no striking features
a: no special abilities


You were on level 2 of the Dungeon.
You visited 1 branch of the dungeon, and saw 2 of its levels.

You collected 25 gold pieces.


   Skills:
 - Level 1.5 Fighting
 + Level 7.2 Ranged Weapons
 - Level 2.4 Dodging
 - Level 1.2 Stealth


You had 2 spell levels left.
You didn't know any spells.
Your spell library was empty.

Inventory:

Hand Weapons
 a - a +0 shortbow (weapon)
Armour
 c - a +0 leather armour (worn)
 d - a +2 hat
 f - a +0 cloak (worn)
Scrolls
 g - a scroll of identify
 k - a scroll of fear {unknown}
Potions
 b - a potion of ambrosia {unknown}
 e - a potion of haste {unknown}
 h - a potion of brilliance {unknown}
 i - a potion of mutation {unknown}
 j - a potion of lignification {unknown}
 l - 2 potions of curing {unknown}

Dungeon Overview and Level Annotations

Branches:
Dungeon (2/15)

Altars:

Shops:
D:1 [


Message History

You shoot an arrow.
The arrow barely misses the frilled lizard.
You shoot an arrow.
The arrow closely misses the frilled lizard.
You shoot an arrow.
The arrow barely misses the frilled lizard.
You shoot an arrow. The arrow hits the frilled lizard!
You kill the frilled lizard!
l - 2 clear potions 3 gnolls come into view.
Found a stone staircase leading up.
Enter note:
Enter note:
Enter note:
Enter note:
Enter note:
Enter note: You shoot an arrow.
The arrow hits the gnoll but does no damage.
You shoot an arrow. The arrow closely misses the gnoll.
You shoot an arrow. The arrow barely misses the gnoll.
You shoot an arrow. The arrow hits the gnoll!
The gnoll is severely wounded.
The gnoll shouts!
The gnoll barely misses you.
You shoot an arrow. The arrow closely misses the gnoll.
The gnoll hits you with a +0 whip.
You shoot an arrow. The arrow completely misses the gnoll.
The gnoll hits you with a +0 whip.
You shoot an arrow. The arrow closely misses the gnoll.
The gnoll closely misses you. The gnoll hits you with a +0 whip.
You shoot an arrow. The arrow hits the gnoll.
The gnoll is severely wounded.
The gnoll misses you.
You shoot an arrow. The arrow barely misses the gnoll.
The gnoll hits you with a +0 club.
You shoot an arrow.
The arrow hits the gnoll but does no damage.
The gnoll hits you with a +0 flail!
You die...

##.......%### #
#..........######
#
#...~....#......#
#
#..~..#.........#
#
#..~..#.........+
. #
#...~.#.........#
#.## #
##..~##....######
#...#### #..#
#....# #.....#
##. #...@#
#.....#
#...gg......
#.....#
........g......
#......
.####..........
#......
#..........
#..%..#
..#####+#<#
#.....# ... .
#.....# ....
#.....# ######


You could see 3 gnolls.

Vanquished Creatures
  An adder (D:2)
  2 dart slugs (D:2)
  4 endoplasms
  A giant cockroach (D:2)
  4 hobgoblins
  8 kobolds
  A quokka (D:1)
  5 ball pythons
  3 bats
  3 frilled lizards
  6 goblins
  2 rats (D:2)
40 creatures vanquished.

Notes
Turn   | Place    | Note
-------+----------+-------------------------------------------
     0 | D:1      | qw the Deep Elf Hunter began the quest for the Orb.
     0 | D:1      | Reached XP level 1. HP: 12/12 MP: 3/3
     0 | D:1      | 0 ||| qw: Version: 0.3-a-155-g5e7d8dd
     0 | D:1      | 0 ||| qw: Game counter: 2803
     0 | D:1      | 0 ||| qw: Melee chars always use a shield: true
     0 | D:1      | 0 ||| qw: God list: Okawaru
     0 | D:1      | 0 ||| qw: Allow faded altars: false
     0 | D:1      | 0 ||| qw: Do Orc after clearing Dungeon:15 true
     0 | D:1      | 0 ||| qw: Do second Lair branch before Depths: true
     0 | D:1      | 0 ||| qw: Lair rune preference: random
     0 | D:1      | 0 ||| qw: Goals: Normal
     0 | D:1      | 0 ||| PLANNING D:1-11
   103 | D:1      | Reached XP level 2. HP: 16/16 MP: 4/4
   109 | D:1      | Reached skill level 6 in Ranged Weapons
   350 | D:1      | Noticed an animated crystal plate armour
   371 | D:1      | Found Xabobiek's Armour Shop.
   373 | D:1      | Noticed an animated crystal plate armour
   381 | D:1      | 381 ||| SHOPLISTING +0 leather armour of cold resistance
                  | (117 gold, have 10).
   381 | D:1      | 381 ||| SHOPLISTING +0 pair of boots (58 gold, have 10).
   381 | D:1      | 381 ||| SHOPLISTING +0 ring mail (52 gold, have 10).
   381 | D:1      | 381 ||| SHOPLISTING +0 scale mail (52 gold, have 10).
   381 | D:1      | 381 ||| SHOPLISTING +2 pearl dragon scales (1409 gold, have
                  | 10).
   627 | D:1      | 627 ||| UPGRADING to +0 cloak.
   632 | D:1      | 632 ||| READING 2 scrolls labelled KEUMIEMNEU.
   632 | D:1      | 632 ||| IDENTIFYING glowing golden potion
   633 | D:1      | 633 ||| READING scroll of identify.
   633 | D:1      | 633 ||| IDENTIFYING fizzy white potion
   634 | D:1      | 634 ||| DROPPING scroll of butterflies.
   635 | D:1      | 635 ||| DROPPING potion of attraction.
   636 | D:1      | 636 ||| DROPPING potion of degeneration.
   722 | D:2      | Reached XP level 3. HP: 20/20 MP: 5/5
   767 | D:2      | Found a faded altar of an unknown god.
  1028 | D:2      | Reached skill level 7 in Ranged Weapons
  1091 | D:2      | HP: 5/20 [gnoll/+0 club (4)]
  1092 | D:2      | Slain by a gnoll

Levels and vault maps discovered:
D:1:      matt_arrival_refuge, layout_basic, serial_shops,
          nicolae_shop_mannequins
D:2:      layout_basic, shapermc_ecumenical_altar_notcrosses,
          chequers_serial_rivers_micro_c, minmay_tripent

Skill      XL: |  1  2  3 |
---------------+----------+-----
Ranged Weapons | 6 7 |  7.2
Fighting       | |  1.5
Dodging        | |  2.4
Stealth        | |  1.2

Action                     || total
---------------------------++-------
   Fire: Shortbow          ||   107
    Use: Scroll            ||     2
 Armour: Leather armour    ||    14
  Dodge: Dodged            ||    20

Table legend:
 A = Non-vault XP
 B = Vault XP
 C = Vault XP percentage of total XP
 D = Non-vault monster count
 E = Vault monster count
 F = Vault count percentage of total count
                 A         B        C        D         E       F
            +---------+---------+-------+---------+---------+-------
      Total |      77 |       3 |   3.8 |      38 |       2 |   5.0
            +---------+---------+-------+---------+---------+-------
        D:1 |      33 |       0 |   0.0 |      21 |       0 |   0.0
        D:2 |      44 |       3 |   6.4 |      17 |       2 |  10.5
            +---------+---------+-------+---------+---------+-------
